 Dungeon Crawl Stone Soup version 0.30-a0-778-g2ef04afb54 (webtiles) character file.

Game seed: 6372823232987606544

294 M4edhros the Charlatan (level 6, 0/40 HPs)
             Began as an Octopode Artificer on Feb 15, 2023.
             Was a Follower of Zin.
             Slain by an orc
             ... wielding a +0 club
              (1 damage)
             ... on level 3 of the Dungeon.
             The game lasted 00:03:50 (3121 turns).

M4edhros the Charlatan (Octopode Artificer)         Turns: 3121, Time: 00:03:51

Health: 0/40       AC:  1    Str:  8 (11) XL:     6   Next: 34%
Magic:  6/6        EV: 13    Int: 12 (13) God:    Zin [*.....]
Gold:   134        SH:  0    Dex: 11 (15) Spells: 5/5 levels left

rFire   . . .      SeeInvis .    (no weapon)
rCold   + . .      Faith    .    (no shield)
rNeg    . . .      Spirit   .    (helmet restricted)
rPois   .          Reflect  .    (no amulet)
rElec   .          Harm     .    n - ring of protection from cold
rCorr   .          Rampage  .    (no ring)
Will    .....                    (no ring)
Stlth   +++                      (no ring)
HPRegen 0.26/turn                (no ring)
MPRegen 0.10/turn                (no ring)
                                 (no ring)
                                 (no ring)

@: no status effects
A: almost no armour, amphibious, 8 rings, camouflage 1, gelatinous body 1,
(nimble swimmer 1), tentacles
a: Renounce Religion, Recite, Donate Gold


You were on level 3 of the Dungeon.
You worshipped Zin.
Zin was aware of your devotion.
You visited 2 branches of the dungeon, and saw 5 of its levels.

You collected 148 gold pieces.
You donated 14 gold pieces to Zin.

Inventory:

Missiles
 a - 3 boomerangs of dispersal
 k - 5 poisoned darts
Jewellery
 n - a ring of protection from cold (left tentacle)
 q - a ring of flight
Wands
 b - a wand of flame (13) (quivered)
 c - a wand of charming (12)
 d - a wand of iceblast (5)
Scrolls
 h - a scroll of butterflies
 i - a scroll of fear
 l - a scroll of silence
 m - a scroll of amnesia
 p - 3 scrolls of teleportation
Potions
 f - 2 potions of degeneration
 g - a potion of curing {unknown}
 j - a potion of magic {unknown}
 o - a potion of brilliance {unknown}


   Skills:
 + Level 2.3 Fighting
 + Level 3.2 Dodging
 - Level 1.3 Stealth
 - Level 0.4 Unarmed Combat
 - Level 6.5 Evocations


You had 5 spell levels left.
You didn't know any spells.
Your spell library was empty.

Dungeon Overview and Level Annotations

Branches:
Dungeon (4/15)             Temple (1/1) D:4

Altars:
Dithmenos
Elyvilon
Fedhas
Gozag
Okawaru
Qazlal
Ru
Sif Muna
Trog
Wu Jian
Xom
Yredelemnul
Zin
The Shining One


Innate Abilities, Weirdness & Mutations

You cannot wear most types of armour.
You are amphibious.
You can wear up to eight rings at the same time.
Your skin changes colour to match your surroundings (Stealth+).
Your rubbery body absorbs attacks. (AC +1, EV +1)
((You are camouflaged when in or above water. (Stealth+)))
You have tentacles for arms and can constrict up to eight enemies at once.


Message History

You constrict Jessica. You constrict the orc.
Jessica hits you with a +1 dagger of draining.
You feel drained. The orc hits you with a +0 club.
Jessica hits you with a +1 dagger of draining.
You feel drained.
You closely miss the orc priest. You grab the orc priest.
Your squeeze misses the orc priest. You constrict Jessica.
You kill Jessica!
You constrict the orc. You constrict the orc priest. The orc barely misses you.
The orc closely misses you. The orc priest misses you.
The orc hits you with a +0 club.
Your life force feels restored.
You closely miss the orc. You grab the orc.
The orc is moderately wounded.
You constrict the orc, but do no damage.
You constrict the orc priest. You constrict the orc.
The orc hits you with a +0 dagger. The orc hits you with a +0 short sword.
The orc hits you but does no damage. The orc priest hits you with a +0 whip.
You tentacle-slap the orc but do no damage.
You grab the orc.
You constrict the orc, but do no damage.
You constrict the orc. You constrict the orc priest. You constrict the orc.
The orc hits you with a +0 dagger. The orc misses you.
The orc priest calls down the wrath of Beogh upon you.
Beogh smites you!
* * * LOW HITPOINT WARNING * * *
The orc misses you.
Okay, then.
It was a potion of degeneration.
There was something very wrong with that liquid.
You feel weakened.
You feel dopey.
You feel clumsy.
You constrict the orc.
You constrict the orc, but do no damage.
You constrict the orc priest. You constrict the orc.
The orc hits you with a +0 dagger.
* * * LOW HITPOINT WARNING * * *
The orc closely misses you. The orc priest closely misses you.
The orc hits you with a +0 club.
You die... "It's all fun and games until someone loses an eye."

######### #######
##...#...## ......#
###.........# ....>.#
##....oo......
......#####.....@o......
............#.#o#)#.....
......#####............#
......# #.#.#.#.#.....
......# #...........#.###
......# ##.#.#.#.#.#.....#
......####............#.#.#
......##....#.#.#.#.......#
#.#.###...............#.#.#
.


You could see an orc priest and 3 orcs.

Vanquished Creatures
  A howler monkey (D:4)
  2 hounds
  Terence (D:2)
  Jessica (D:3)
  An orc wizard (D:4)
  6 adders
  3 dart slugs
  2 orcs
  4 endoplasms
  2 giant cockroaches
  2 goblins
  7 hobgoblins
  4 jackals (D:1)
  3 kobolds
  A quokka (D:3)
  5 ball pythons
  8 bats
  4 frilled lizards
  8 rats
65 creatures vanquished.

Notes
Turn   | Place    | Note
-------+----------+-------------------------------------------
     0 | D:1      | M4edhros the Octopode Artificer began the quest for the
                  | Orb.
     0 | D:1      | Reached XP level 1. HP: 13/13 MP: 1/1
   213 | D:1      | Reached XP level 2. HP: 17/18 MP: 2/2
   307 | D:1      | Reached skill level 4 in Evocations
  1080 | D:2      | Reached XP level 3. HP: 14/23 MP: 3/3
  1274 | D:3      | Reached skill level 5 in Evocations
  1377 | D:4      | Found a sacrificial altar of Ru.
  1391 | D:4      | Reached XP level 4. HP: 25/28 MP: 4/4
  1442 | D:4      | Found a blossoming altar of Fedhas.
  1609 | D:4      | Reached skill level 6 in Evocations
  1609 | D:4      | Reached XP level 5. HP: 20/33 MP: 5/5
  1886 | D:4      | Identified the +6 sling of Ruclou {flame, Dex+3}
  1937 | D:4      | Found a staircase to the Ecumenical Temple.
  1953 | Temple   | Entered the Ecumenical Temple
  1970 | Temple   | Became a worshipper of Xom of Chaos
  1985 | Temple   | Fell from the grace of Xom
  1985 | Temple   | Became a worshipper of Zin the Law-Giver
  1985 | Temple   | Reached * piety under Zin
  2378 | D:2      | XOM: stat loss: -3 Dex (12/15)
  2710 | D:2      | Noticed Terence
  2725 | D:2      | Killed Terence
  2726 | D:2      | Reached XP level 6. HP: 3/39 MP: 6/6
  2813 | D:2      | XOM: torment (14/39 hp)
  3109 | D:3      | Noticed Jessica
  3118 | D:3      | Killed Jessica
  3121 | D:3      | HP: 1/40 [orc/+0 dagger (2)]
  3121 | D:3      | Slain by an orc

Illustrated notes

Levels and vault maps discovered:
D:1:      lemuel_arrival_lava_pool, layout_loops_corners
D:2:      layout_loops_ring, nicolae_hexahallways, uniq_terence
D:3:      layout_rooms, hellmonk_ecumenical_altar_crossroads, serial_glass,
          glass_columns_a, glass_columns_a, glass_columns_a, glass_columns_c,
          glass_columns_a, glass_columns_a, glass_columns_c, glass_columns_c,
          uniq_jessica
D:4:      layout_rooms, kennysheep_little_box,
          nicolae_ru_great_annihilating_truth, fedhas_altar_fruit_tree,
          minmay_temple_entry_tees, serial_curves, eino_curves_01,
          eino_curves_02
Temple:   hellmonk_temple_two_chambers

Skill      XL: |  1  2  3  4  5  6 |
---------------+-------------------+-----
Evocations     | 4 5 6 |  6.5
Fighting       | 2 |  2.3
Dodging        | 3 |  3.2
Stealth        | |  1.3
Unarmed Combat | |  0.4

Action                     |  1- 3 |  4- 6 || total
---------------------------+-------+-------++-------
  Melee: Unarmed           |    72 |    97 ||   169
         Tentacles         |    25 |    26 ||    51
         Constrict         |    22 |    28 ||    50
         Punch             |     1 |     1 ||     2
  Evoke: Wand              |       |     5 ||     5
    Use: Scroll            |       |     9 ||     9
         Potion            |       |     1 ||     1
   Stab: Sleeping          |     9 |     5 ||    14
         Paralysed         |       |     1 ||     1
         Distracted        |       |     1 ||     1
 Armour: Skin              |     7 |     7 ||    14
  Dodge: Dodged            |    43 |    64 ||   107

Table legend: (Time is in decaauts)
 A = Elapsed time spent in this place.
 B = Non-inter-level travel time spent in this place.
 C = Inter-level travel time spent in this place.
 D = Time resting spent in this place.
 E = Time spent auto-exploring this place.
 F = Levels seen in this place.
 G = Mean time per level.
                   A        B        C        D        E       F      G
               +--------+--------+--------+--------+--------+-----+--------+
         Total |   3121 |   2933 |    188 |    119 |   2273 |   5 |  624.2 |
       Dungeon |   3082 |   2901 |    181 |    119 |   2266 |   4 |  770.5 |
        Temple |     38 |     32 |      6 |      0 |      7 |   1 |   38.0 |
               +--------+--------+--------+--------+--------+-----+--------+

Top non-repeatable levels by time:
     D:2: 1191 daAuts
     D:1: 1042 daAuts
     D:4: 625 daAuts
     D:3: 223 daAuts
  Temple: 38 daAuts
